[Event "Team 45 45 League T94"]
[Site "Internet Chess Club"]
[Date "2022.11.03"]
[Round "4"]
[White "AlekMoro"]
[Black "Goli"]
[Result "1-0"]
[WhiteElo "1885"]
[BlackElo "1811"]
[Opening "English opening"]
[ECO "A16"]
[Time "14:30:26"]
[PlyCount "51"]
[TimeControl "2700+45"]

1. c4 Nf6 2. Nc3 g6 3. g3 Bg7 4. Bg2 O-O 5. e4 d6 6. Nge2 e5 7. O-O c6 8. d3 a5
9. h3 Nbd7 10. Be3 Nc5 11. Qd2 Ne6 12. f4 exf4 13. gxf4 Nh5 14. Kh2 Qc7 15. Bf3
Bh6 16. Bxh5 gxh5 17. Ng3 Ng7 18. Rg1 Kh8 19. f5 Bxe3 20. Qxe3 Rg8 21. Qh6 Bd7
22. Qf6 Qd8 23. Nxh5 Qxf6 24. Nxf6 Rgd8 25. Rg3 Ne8 26. Rg8# {Black checkmated}
1-0

[Event "Team 45 45 League T94"]
[Site "Internet Chess Club"]
[Date "2022.11.03"]
[Round "4"]
[White "cysk"]
[Black "BuddyT"]
[Result "0-1"]
[WhiteElo "1675"]
[BlackElo "1690"]
[Opening "Sicilian: closed"]
[ECO "B23"]
[Time "22:00:38"]
[PlyCount "74"]
[TimeControl "2700+45"]

1. e4 c5 2. Nc3 e6 3. f4 d5 4. Nf3 d4 5. Ne2 Nc6 6. d3 f5 7. Ng3 Bd6 8. Be2 Nge7
9. O-O O-O 10. Bd2 fxe4 11. dxe4 Bxf4 12. Bxf4 Rxf4 13. Qd2 e5 14. c3 Ng6 15.
Bc4+ Kh8 16. Nh5 Rxf3 17. gxf3 Qh4 18. Ng3 Nf4 19. Kh1 Bh3 20. Rg1 Rf8 21. Bf1
Be6 22. b3 Rf6 23. Rc1 Rh6 24. Bc4 Bh3 25. Bf1 dxc3 26. Rxc3 Bxf1 27. Nf5 Qh3
28. Nxh6 Nd4 29. Nf7+ Kg8 30. Nxe5 Nfe2 31. Qg5 Ne6 32. Qe7 h6 33. Qxe6+ Qxe6
34. Rxc5 Nxg1 35. Kxg1 Bh3 36. Kf2 b6 37. Rd5 Qc8 {White resigns} 0-1

[Event "Team 45 45 League T94"]
[Site "Internet Chess Club"]
[Date "2022.11.02"]
[Round "4"]
[White "blind-warrior"]
[Black "howah45"]
[Result "1-0"]
[WhiteElo "1160"]
[BlackElo "1423"]
[Opening "Queen's pawn, Mason variation"]
[ECO "D00"]
[Time "20:01:52"]
[PlyCount "57"]
[TimeControl "2700+45"]

1. d4 d5 2. Bf4 e6 3. Nf3 Nf6 4. h3 c5 5. e3 Nc6 6. c3 Bd6 7. Ne5 O-O 8. Bd3 Qc7
9. Nxc6 bxc6 10. Bxd6 Qxd6 11. dxc5 Qxc5 12. Nd2 Qc4 13. Bxc4 dxc4 14. Qe2 Rb8
15. Nxc4 Ba6 16. b3 Rfd8 17. O-O Ne4 18. Qc2 Bxc4 19. bxc4 Nf6 20. Rab1 Ra8 21.
Rb7 h6 22. e4 a5 23. e5 Nh7 24. Rd1 Rdb8 25. Rdd7 Ng5 26. f4 Nh7 27. Rxf7 Rxb7
28. Rxb7 Rf8 29. Qg6 {Black resigns} 1-0

[Event "Team 45 45 League T94"]
[Site "Internet Chess Club"]
[Date "2022.11.07"]
[Round "4"]
[White "martineden"]
[Black "ElValero"]
[Result "1-0"]
[WhiteElo "1834"]
[BlackElo "1675"]
[Opening "QGD: exchange, Sämisch variation"]
[ECO "D37"]
[Time "10:18:50"]
[PlyCount "65"]
[TimeControl "2700+45"]

1. d4 Nf6 2. Nf3 d5 3. c4 e6 4. Nc3 Nbd7 5. cxd5 exd5 6. Bf4 c6 7. e3 Be7 8. h3
Nf8 9. Bd3 Ne6 10. Bh2 g6 11. O-O Ng7 12. Rc1 Bf5 13. Ne5 O-O 14. a3 Bxd3 15.
Nxd3 Nf5 16. b4 Re8 17. a4 Ne4 18. b5 Ba3 19. Rc2 Qa5 20. Qa1 Bd6 21. bxc6 Bxh2+
22. Kxh2 bxc6 23. Nxe4 dxe4 24. Ne5 Re6 25. Rxc6 Rxc6 26. Nxc6 Qc7+ 27. Ne5 f6
28. Rc1 Qb8 29. Qa2+ Kg7 30. Qf7+ Kh6 31. Qxf6 Qb2 32. Nf7+ Kh5 33. Qg5# {Black
checkmated} 1-0

[Event "Team 45 45 League T94"]
[Site "Internet Chess Club"]
[Date "2022.11.07"]
[Round "4"]
[White "julesraider"]
[Black "fhunfi"]
[Result "1/2-1/2"]
[WhiteElo "1593"]
[BlackElo "1651"]
[Opening "Nimzo-Indian: classical variation"]
[ECO "E32"]
[Time "18:00:19"]
[PlyCount "44"]
[TimeControl "2700+45"]

1. d4 e6 2. c4 Nf6 3. Nc3 Bb4 4. Qc2 d6 5. a3 Bxc3+ 6. Qxc3 O-O 7. Nf3 b6 8. g3
Bb7 9. Bg2 Nbd7 10. O-O Qe7 11. b4 c5 12. Bb2 Rfe8 13. Rfe1 Be4 14. Rad1 Rac8
15. dxc5 dxc5 16. b5 Red8 17. Rd2 Nf8 18. Red1 Ng6 19. a4 Qf8 20. a5 Qe7 21.
axb6 axb6 22. h4 h5 {Game drawn by mutual agreement} 1/2-1/2

[Event "Team 45 45 League T94"]
[Site "Internet Chess Club"]
[Date "2022.11.07"]
[Round "4"]
[White "Lawkeito"]
[Black "kabindra"]
[Result "1-0"]
[WhiteElo "1625"]
[BlackElo "1623"]
[Opening "Queen's gambit accepted"]
[ECO "D20"]
[Time "17:01:59"]
[PlyCount "65"]
[TimeControl "2700+45"]

1. d4 d5 2. c4 dxc4 3. e3 e5 4. Bxc4 exd4 5. exd4 Nc6 6. Qe2+ Be7 7. d5 Nb4 8.
Nc3 Bf5 9. Bb3 Nd3+ 10. Kf1 Nf6 11. Ba4+ c6 12. dxc6 O-O 13. cxb7 Rb8 14. Bc6
Qd6 15. Qf3 Bg6 16. Nb5 Qb4 17. Qe2 Bc5 18. Bd2 Qxb2 19. Bc3 Qxe2+ 20. Nxe2 Nxf2
21. Be5 Nxh1 22. Nbd4 Ng4 23. Bxb8 Rxb8 24. Kg1 Nhf2 25. h3 Ne5 26. Kxf2 Nxc6
27. Rc1 Bxd4+ 28. Nxd4 Ne7 29. Rc7 Kf8 30. Rxe7 Kxe7 31. Nc6+ Kd6 32. Nxb8 Be4
33. Nc6 {Black resigns} 1-0

[Event "Team 45 45 League T94"]
[Site "Internet Chess Club"]
[Date "2022.11.05"]
[Round "4"]
[White "burlap"]
[Black "ChessG2011"]
[Result "0-1"]
[WhiteElo "1221"]
[BlackElo "1337"]
[Opening "Queen's pawn: London system"]
[ECO "A45"]
[Time "21:01:05"]
[PlyCount "96"]
[TimeControl "2700+45"]

1. d4 Nf6 2. Bf4 g6 3. e3 Bg7 4. Nd2 d5 5. h3 O-O 6. Ngf3 Bf5 7. Be2 Ne4 8. Nxe4
Bxe4 9. O-O c5 10. c3 cxd4 11. exd4 Nc6 12. Bd3 Bxd3 13. Qxd3 Qd7 14. Ne5 Nxe5
15. Bxe5 Bxe5 16. Rfe1 Bg7 17. Re2 e6 18. Rae1 Rfc8 19. Rc2 Rc6 20. c4 dxc4 21.
Rxc4 Rxc4 22. Qxc4 Qxd4 23. Qxd4 Bxd4 24. b3 b6 25. Rd1 Bc5 26. Kf1 Kg7 27. Ke2
Kf6 28. f3 Rc8 29. Rd7 a5 30. Rd3 Rc6 31. g4 Rd6 32. Rxd6 Bxd6 33. Ke3 Bc5+ 34.
Ke4 h5 35. gxh5 gxh5 36. Kf4 Kg6 37. Kg3 Bd6+ 38. f4 Kf5 39. Kf3 Bxf4 40. a3 e5
41. b4 axb4 42. axb4 h4 43. b5 Bg3 44. Ke3 e4 45. Ke2 Kf4 46. Kf1 Kf3 47. Kg1 e3
48. Kf1 e2+ {White resigns} 0-1

[Event "Team 45 45 League T94"]
[Site "Internet Chess Club"]
[Date "2022.11.03"]
[Round "4"]
[White "Alec-hine"]
[Black "fishhead"]
[Result "1-0"]
[WhiteElo "1807"]
[BlackElo "1693"]
[Opening "Trompowsky attack (Ruth, Opocenský opening)"]
[ECO "A45"]
[Time "16:00:40"]
[PlyCount "55"]
[TimeControl "2700+45"]

1. d4 Nf6 2. Bg5 Ne4 3. Bf4 d6 4. Nd2 Nxd2 5. Qxd2 Nd7 6. Nf3 g6 7. e4 Bg7 8.
Bh6 O-O 9. Bd3 c5 10. h4 cxd4 11. h5 Bxh6 12. Qxh6 Qa5+ 13. Kf1 Nf6 14. hxg6
fxg6 15. e5 dxe5 16. Bxg6 e4 17. Bxh7+ Kf7 18. Bg6+ Ke6 19. Nxd4+ Kd5 20. Qxf8
Kxd4 21. Qxe7 Qa6+ 22. Kg1 Bg4 23. Re1 Qc6 24. Re3 Qe6 25. c3+ Ke5 26. Qc7+ Qd6
27. Qxd6+ Kxd6 28. Bxe4 {Black resigns} 1-0

[Event "Team 45 45 League T94"]
[Site "Internet Chess Club"]
[Date "2022.11.04"]
[Round "4"]
[White "QuieroAprender"]
[Black "timcent"]
[Result "0-1"]
[WhiteElo "1717"]
[BlackElo "1844"]
[Opening "Queen's pawn: London system"]
[ECO "A45"]
[Time "19:35:05"]
[PlyCount "74"]
[TimeControl "2700+45"]

1. d4 Nf6 2. Bf4 e6 3. Nf3 Be7 4. e3 Nh5 5. Be5 d6 6. Bg3 Nxg3 7. hxg3 Bf6 8.
Bd3 h6 9. Nbd2 Nc6 10. c3 e5 11. Qc2 d5 12. dxe5 Nxe5 13. Nxe5 Bxe5 14. Nf3 Bf6
15. O-O-O c6 16. Bf5 Qa5 17. Bxc8 Rxc8 18. Qf5 O-O 19. a3 Rce8 20. g4 Re4 21. g5
Bxc3 22. gxh6 g6 23. Qg5 Kh7 24. Rd3 Bh8 25. Nd2 Re6 26. f4 Qc5+ 27. Kb1 Rxe3
28. b4 Qe7 29. Qxe7 Rxe7 30. g4 Rfe8 31. Nf3 Bf6 32. g5 Bh8 33. Rhd1 Re3 34. Kc2
Rxd3 35. Kxd3 Re4 36. Re1 Rxf4 37. Ne5 Rf5 {White resigns} 0-1

[Event "Team 45 45 League T94"]
[Site "Internet Chess Club"]
[Date "2022.11.03"]
[Round "4"]
[White "DaveTheRook"]
[Black "Portola"]
[Result "1/2-1/2"]
[WhiteElo "1402"]
[BlackElo "1688"]
[Opening "Réti: King's Indian attack, Yugoslav variation"]
[ECO "A07"]
[Time "19:30:48"]
[PlyCount "65"]
[TimeControl "2700+45"]

1. Nf3 d5 2. g3 c6 3. Bg2 Bg4 4. O-O Nf6 5. d3 e6 6. Nbd2 Be7 7. c3 Nbd7 8. Re1
O-O 9. Qc2 Qc7 10. e4 dxe4 11. dxe4 Bxf3 12. Nxf3 e5 13. Bd2 Rad8 14. Rad1 Nc5
15. Bf1 h6 16. b4 Ne6 17. Bc1 Nh7 18. Rxd8 Rxd8 19. Rd1 Nhg5 20. Rxd8+ Bxd8 21.
Nxg5 Nxg5 22. Qd3 Bf6 23. Bg2 Ne6 24. Be3 a6 25. Qd1 b5 26. a3 c5 27. Bh3 cxb4
28. Bxe6 fxe6 29. cxb4 Kh7 30. Qc1 Qd7 31. Qd2 Qb7 32. f3 Qc6 33. Qc1 {Game
drawn by mutual agreement} 1/2-1/2

[Event "Team 45 45 League T94"]
[Site "Internet Chess Club"]
[Date "2022.11.04"]
[Round "4"]
[White "achessman"]
[Black "AlekMoro"]
[Result "1-0"]
[WhiteElo "1830"]
[BlackElo "1847"]
[Opening "English: Neo-Catalan"]
[ECO "A13"]
[Time "23:05:07"]
[PlyCount "47"]
[TimeControl "2700+45"]

1. c4 e6 2. Nf3 Nf6 3. g3 d5 4. b3 Be7 5. Bg2 O-O 6. O-O b6 7. Bb2 Bb7 8. e3
Nbd7 9. Qe2 c5 10. Rd1 Qc7 11. Nc3 a6 12. cxd5 exd5 13. Rac1 Rac8 14. d4 Rfe8
15. dxc5 Bxc5 16. b4 Bxb4 17. Nxd5 Nxd5 18. Rxc7 Rxc7 19. Nh4 N7f6 20. Nf5 b5
21. Nxg7 Rec8 22. Bxf6 Nxf6 23. Bxb7 Rxb7 24. Nh5 {Black resigns} 1-0

[Event "Team 45 45 League T94"]
[Site "Internet Chess Club"]
[Date "2022.11.08"]
[Round "4"]
[White "VictorRed"]
[Black "room-matt"]
[Result "0-1"]
[WhiteElo "1705"]
[BlackElo "1834"]
[Opening "English opening"]
[ECO "A20"]
[Time "15:02:48"]
[PlyCount "54"]
[TimeControl "2700+45"]

1. c4 e5 2. e4 Nf6 3. Nc3 Bc5 4. d3 O-O 5. Bg5 d6 6. Nd5 Nbd7 7. b4 Bd4 8. Rc1
c6 9. Nxf6+ Nxf6 10. Be2 Qb6 11. Bxf6 Qxb4+ 12. Kf1 gxf6 13. Bg4 Qa3 14. Bxc8
Rfxc8 15. Rc2 Kh8 16. Qf3 f5 17. exf5 Rg8 18. Ne2 Bb2 19. g4 Qxa2 20. h4 Qb1+
21. Rc1 Bxc1 22. Kg2 Qb2 23. Rxc1 Rxg4+ 24. Kh3 Rag8 25. Re1 Qd2 26. Rb1 b6 27.
Ng3 Rf4 {White resigns} 0-1

[Event "Team 45 45 League T94"]
[Site "Internet Chess Club"]
[Date "2022.11.02"]
[Round "4"]
[White "Sandrotov"]
[Black "vollmerj"]
[Result "1-0"]
[WhiteElo "1597"]
[BlackElo "1464"]
[Opening "Sicilian: Smith-Morra gambit"]
[ECO "B21"]
[Time "22:02:13"]
[PlyCount "103"]
[TimeControl "2700+45"]

1. e4 c5 2. d4 g6 3. c3 d5 4. e5 cxd4 5. cxd4 Nc6 6. h3 Bg7 7. Nf3 e6 8. Be2
Nge7 9. Na3 O-O 10. O-O a6 11. Nc2 b5 12. a3 Qb6 13. b4 Nf5 14. Bb2 Bd7 15. Bd3
Nfe7 16. Qe2 Rfc8 17. Rfc1 Rc7 18. h4 Rac8 19. h5 Nf5 20. hxg6 fxg6 21. Bxf5
gxf5 22. Ng5 Ne7 23. Ne1 Rxc1 24. Rxc1 Rxc1 25. Bxc1 Ng6 26. Qh5 h6 27. Ngf3 Be8
28. Bxh6 Qc7 29. Bxg7 Qxg7 30. Qg5 Ne7 31. Nd3 Bd7 32. Nc5 Bc8 33. Kf1 Kf7 34.
Qxg7+ Kxg7 35. Ng5 Nc6 36. Ngxe6+ Kg6 37. Nf4+ Kg5 38. Ne2 a5 39. bxa5 Nxa5 40.
Nc3 Nc6 41. Nxb5 f4 42. Ke2 Bg4+ 43. f3 Bc8 44. a4 Kh4 45. Kf2 Na5 46. e6 Nc6
47. Nd6 Bxe6 48. Nxe6 Na5 49. Nxf4 Nb3 50. g3+ Kg5 51. Ke3 Kf6 52. Nb5 {Black
resigns} 1-0

[Event "Team 45 45 League T94"]
[Site "Internet Chess Club"]
[Date "2022.11.06"]
[Round "4"]
[White "MichaelIC"]
[Black "ZenoElea"]
[Result "0-1"]
[WhiteElo "2083"]
[BlackElo "1813"]
[Opening "QGA: 3.e4"]
[ECO "D20"]
[Time "14:00:21"]
[PlyCount "82"]
[TimeControl "2700+45"]

1. d4 d5 2. c4 dxc4 3. e4 Nf6 4. e5 Nd5 5. Bxc4 Nb6 6. Bb3 Nc6 7. Nf3 Bg4 8.
Bxf7+ Kxf7 9. Ng5+ Ke8 10. Qxg4 Qxd4 11. Ne4 Nc4 12. O-O N4xe5 13. Qf4 Nd3 14.
Qh4 Rd8 15. Nbc3 g6 16. Be3 Qe5 17. Rad1 Bg7 18. Rd2 Qf5 19. Rfd1 Nxb2 20. Rxb2
Rxd1+ 21. Nxd1 Bxb2 22. Nxb2 Qa5 23. Nd2 Qxa2 24. Nd3 Qd5 25. Nf4 Qf5 26. g4 Qd7
27. Qg5 e5 28. Ne2 Kf7 29. Ne4 Qd8 30. N2c3 Qxg5 31. Nxg5+ Ke8 32. Nd5 h6 33.
Ne4 Kd7 34. Nc5+ Kd6 35. Nc3 Na5 36. Nb5+ Kd5 37. Nxc7+ Kc6 38. N7e6 Nc4 39. Nd3
b6 40. Ng7 Kd7 41. h4 Rh7 {White resigns} 0-1

[Event "Team 45 45 League T94"]
[Site "Internet Chess Club"]
[Date "2022.11.05"]
[Round "4"]
[White "martineden"]
[Black "fileman"]
[Result "1/2-1/2"]
[WhiteElo "1824"]
[BlackElo "1803"]
[Opening "QGD Slav: Süchting variation"]
[ECO "D15"]
[Time "11:38:06"]
[PlyCount "109"]
[TimeControl "2700+45"]

1. d4 d5 2. c4 c6 3. Nf3 Nf6 4. Nc3 Qb6 5. cxd5 cxd5 6. e3 Nc6 7. a3 Bg4 8. Be2
e6 9. h3 Bxf3 10. Bxf3 Na5 11. O-O Bd6 12. b4 Nc4 13. e4 dxe4 14. Nxe4 Nxe4 15.
Bxe4 Qc7 16. Qd3 Rc8 17. Re1 h6 18. d5 Rd8 19. Qe2 O-O 20. dxe6 fxe6 21. Bd3 Ne5
22. Bb1 Rde8 23. Qe4 Rf5 24. Qe2 Rff8 25. Ra2 Qc4 26. Qxc4 Nxc4 27. Rae2 e5 28.
Ba2 b5 29. Rc2 Rc8 30. Re4 Rfd8 31. Bxc4+ bxc4 32. Rexc4 Rxc4 33. Rxc4 Bb8 34.
g3 Kf7 35. Be3 Rd3 36. Rc8 Bd6 37. Bc1 Ke6 38. Kf1 Kd7 39. Rc2 a5 40. Ke2 Rb3
41. Rd2 axb4 42. axb4 Ke6 43. Rd3 Rxd3 44. Kxd3 Bxb4 45. Ke4 Be1 46. Be3 h5 47.
g4 hxg4 48. hxg4 g6 49. Bb6 Bc3 50. Bc7 Be1 51. f3 Bc3 52. Kd3 Bb4 53. Kc4 Be7
54. Kd3 Kd5 55. Bb8 {Game drawn by mutual agreement} 1/2-1/2

[Event "Team 45 45 League T94"]
[Site "Internet Chess Club"]
[Date "2022.11.06"]
[Round "4"]
[White "Tufnell"]
[Black "bobhill"]
[Result "1/2-1/2"]
[WhiteElo "1897"]
[BlackElo "1816"]
[Opening "Sicilian: Prins (Moscow) variation"]
[ECO "B55"]
[Time "14:03:28"]
[PlyCount "124"]
[TimeControl "2700+45"]

1. e4 c5 2. Nf3 d6 3. d4 cxd4 4. Nxd4 Nf6 5. f3 g6 6. c4 Bg7 7. Nc3 O-O 8. Be3
Nc6 9. Be2 Bd7 10. O-O a6 11. Qd2 Ne5 12. Rac1 Rc8 13. b3 h5 14. h3 Kh7 15. Nd5
Nxd5 16. cxd5 f6 17. f4 Nf7 18. Ne6 Bxe6 19. dxe6 Nh6 20. f5 gxf5 21. exf5 Rxc1
22. Rxc1 Qe8 23. Rc7 Ng8 24. Rxb7 Bh6 25. Bxh6 Nxh6 26. Qxd6 Ng8 27. Qd5 Qc8 28.
Bc4 Re8 29. Rd7 Nh6 30. Kh2 Qb8+ 31. Kh1 Qb4 32. Qf3 Qe1+ 33. Bf1 Kg7 34. Rd1
Qh4 35. Be2 Rh8 36. Qxh5 Qxh5 37. Bxh5 Nxf5 38. Bf3 Rc8 39. Rd2 Rc1+ 40. Kh2 Nd6
41. g4 f5 42. Kg3 Kf6 43. Re2 Nb5 44. Kf4 fxg4 45. Bxg4 Rf1+ 46. Ke3 Kg5 47. Rf2
Rc1 48. Rf5+ Kg6 49. Rf7 Re1+ 50. Kd3 Nd6 51. Rxe7 Nf5 52. Rc7 Rxe6 53. Rd7 Kg5
54. Rd5 Rd6 55. Kc4 Rxd5 56. Kxd5 Ne3+ 57. Kc5 Nc2 58. Kb6 Kf4 59. a4 Nd4 60.
Kxa6 Nxb3 61. a5 Nxa5 62. Kxa5 Kg5 {Game drawn by mutual agreement} 1/2-1/2

[Event "Team 45 45 League T94"]
[Site "Internet Chess Club"]
[Date "2022.11.08"]
[Round "4"]
[White "Beetlejuice"]
[Black "fireball"]
[Result "1/2-1/2"]
[WhiteElo "1713"]
[BlackElo "1598"]
[Opening "English opening"]
[ECO "A10"]
[Time "14:01:38"]
[PlyCount "45"]
[TimeControl "2700+45"]

1. c4 g6 2. Nc3 e5 3. g3 Bb4 4. Bg2 c6 5. e4 Nf6 6. Nge2 O-O 7. O-O Be7 8. d3 d6
9. f4 exf4 10. gxf4 Bg4 11. h3 Bh5 12. Be3 Nbd7 13. Qd2 Kg7 14. Ng3 Rg8 15.
Nxh5+ Nxh5 16. Qf2 Bh4 17. Qf3 Qe7 18. Rad1 Ndf6 19. Bf2 Bxf2+ 20. Rxf2 Rae8 21.
Re1 Nd7 22. Ref1 f6 23. Qg4 {Game drawn by mutual agreement} 1/2-1/2

[Event "Team 45 45 League T94"]
[Site "Internet Chess Club"]
[Date "2022.11.04"]
[Round "4"]
[White "room-matt"]
[Black "BrianWood"]
[Result "1-0"]
[WhiteElo "1823"]
[BlackElo "1510"]
[Opening "Sicilian: Smith-Morra gambit"]
[ECO "B21"]
[Time "15:33:01"]
[PlyCount "33"]
[TimeControl "2700+45"]

1. e4 c5 2. d4 cxd4 3. c3 dxc3 4. Nxc3 Nc6 5. Nf3 e6 6. Bc4 d6 7. O-O Be7 8. Qe2
Nf6 9. Bf4 e5 10. Be3 O-O 11. Bb3 a6 12. h3 Be6 13. Rac1 Bxb3 14. axb3 Re8 15.
Rfd1 Rc8 16. b4 Bf8 17. b5 {Black resigns} 1-0

[Event "Team 45 45 League T94"]
[Site "Internet Chess Club"]
[Date "2022.11.04"]
[Round "4"]
[White "Constrictor"]
[Black "Electryon"]
[Result "0-1"]
[WhiteElo "1409"]
[BlackElo "1471"]
[Opening "Nimzovich-Larsen attack: Dutch variation"]
[ECO "A01"]
[Time "17:02:41"]
[PlyCount "62"]
[TimeControl "2700+45"]

1. b3 f5 2. Bb2 Nf6 3. e3 e6 4. Nf3 Be7 5. c4 O-O 6. g3 d6 7. Bg2 e5 8. Nc3 f4
9. Qc2 Nc6 10. O-O-O Nb4 11. Qb1 Ng4 12. Rdf1 fxe3 13. fxe3 Bf5 14. e4 Bd7 15.
a3 Nc6 16. Nd5 Na5 17. Qd3 Be6 18. b4 Nc6 19. h3 Nf6 20. Ng5 Bd7 21. Nf3 a5 22.
b5 Nb8 23. g4 c6 24. Nxe7+ Qxe7 25. a4 cxb5 26. cxb5 Be6 27. Ba3 Qc7+ 28. Kb2
Rd8 29. Rc1 Qb6 30. Ng5 Bc8 31. Qd5+ Nxd5 {White resigns} 0-1

[Event "Team 45 45 League T94"]
[Site "Internet Chess Club"]
[Date "2022.11.04"]
[Round "4"]
[White "herrahuu"]
[Black "xingon"]
[Result "1/2-1/2"]
[WhiteElo "1479"]
[BlackElo "1298"]
[Opening "Sicilian: Najdorf"]
[ECO "B90"]
[Time "13:00:51"]
[PlyCount "159"]
[TimeControl "2700+45"]

1. e4 c5 2. Nf3 d6 3. d4 cxd4 4. Nxd4 Nf6 5. Nc3 a6 6. f3 e5 7. Nb3 Be6 8. Be3
Be7 9. Qd2 O-O 10. O-O-O Nbd7 11. g4 b5 12. h4 Qc7 13. h5 b4 14. Nd5 Bxd5 15.
exd5 Nb6 16. Bxb6 Qxb6 17. g5 Nd7 18. g6 h6 19. gxf7+ Rxf7 20. Qd3 a5 21. Bh3
Bg5+ 22. Kb1 a4 23. Nd2 Nc5 24. Qe2 Bxd2 25. Rxd2 Rb7 26. Rh2 Kh8 27. Rg2 b3 28.
a3 bxc2+ 29. Rxc2 Nb3 30. Qf2 Nd4 31. Rc3 Rc7 32. Rxc7 Qxc7 33. f4 Nb3 34. Qc2
Qf7 35. Qc6 Qf8 36. Be6 exf4 37. Rf2 Nd4 38. Qb7 f3 39. Bf7 Qb8 40. Qe7 Qa7 41.
Qxa7 Rxa7 42. Bg6 Re7 43. Kc1 Kg8 44. Kd2 Re5 45. Kc3 Re2 46. Rxe2 fxe2 47. Kd2
Kf8 48. Bd3 Ke7 49. Bxe2 Nxe2 50. Kxe2 Kf6 51. Kd3 Kg5 52. Kc4 Kxh5 53. Kb5 Kg5
54. Kc6 h5 55. Kxd6 h4 56. Kc7 h3 57. d6 h2 58. d7 h1=Q 59. d8=Q+ Kg6 60. Qe8+
Kh7 61. Qxa4 Qc1+ 62. Qc6 Qxb2 63. a4 g5 64. a5 Qe5+ 65. Kb7 Qxa5 66. Qd7+ Kh6
67. Qe6+ Kh5 68. Qh3+ Kg6 69. Qe6+ Kg7 70. Qe7+ Kg8 71. Qe6+ Kf8 72. Qd6+ Kf7
73. Qd7+ Kf6 74. Qd6+ Kf5 75. Qd3+ Ke6 76. Qg6+ Kd7 77. Qf7+ Kd6 78. Qf6+ Kd7
79. Qf7+ Kd8 80. Qf8+ {Game drawn by mutual agreement} 1/2-1/2

[Event "Team 45 45 League T94"]
[Site "Internet Chess Club"]
[Date "2022.11.07"]
[Round "4"]
[White "pandaknight"]
[Black "DaveTheRook"]
[Result "1/2-1/2"]
[WhiteElo "1081"]
[BlackElo "1390"]
[Opening "King's Indian: 5.Nf3"]
[ECO "E90"]
[Time "19:31:25"]
[PlyCount "96"]
[TimeControl "2700+45"]

1. c4 Nf6 2. Nc3 g6 3. Nf3 Bg7 4. d4 d6 5. e4 Nbd7 6. Be2 O-O 7. O-O c6 8. h3 e5
9. d5 c5 10. Be3 a6 11. Qd2 Re8 12. a3 Nb6 13. b4 Nbd7 14. Qc2 b6 15. b5 a5 16.
Bd3 Rf8 17. Rae1 Rb8 18. Qd2 Re8 19. Be2 Qe7 20. Nh2 Qf8 21. Ng4 Nxg4 22. Bxg4
h5 23. Bd1 Kh7 24. a4 Nf6 25. Bc2 Bh6 26. Bxh6 Qxh6 27. Qxh6+ Kxh6 28. f4 Kg7
29. Nb1 Rb7 30. Nd2 Rbe7 31. Re3 exf4 32. Rxf4 Nd7 33. Rf1 Ne5 34. Bb3 f6 35.
Rfe1 Bd7 36. Kh2 Rf8 37. Nf3 Be8 38. Nxe5 fxe5 39. Rf3 Rxf3 40. gxf3 Rf7 41. Rf1
Rf4 42. Bd1 Kh6 43. Kg3 g5 44. Kh2 Bd7 45. Rg1 h4 46. Be2 Be8 47. Rg4 Rxg4 48.
fxg4 Bg6 {Game drawn by mutual agreement} 1/2-1/2

[Event "Team 45 45 League T94"]
[Site "Internet Chess Club"]
[Date "2022.11.05"]
[Round "4"]
[White "Rookmaster"]
[Black "scostanzo212"]
[Result "0-1"]
[WhiteElo "1518"]
[BlackElo "1569"]
[Opening "Sicilian, Chekhover variation"]
[ECO "B53"]
[Time "20:02:24"]
[PlyCount "60"]
[TimeControl "2700+45"]

1. e4 c5 2. Nf3 d6 3. d4 cxd4 4. Qxd4 Nc6 5. Bb5 Bd7 6. Bxc6 Bxc6 7. Nc3 Nf6 8.
Bg5 e5 9. Qd3 Be7 10. O-O-O Ng4 11. Bxe7 Qxe7 12. Qxd6 Nxf2 13. Qxe5 Qxe5 14.
Nxe5 Nxh1 15. Rxh1 Rc8 16. Rd1 a6 17. Nxc6 Rxc6 18. Nd5 f6 19. Rd3 Kf7 20. Nb4
Rc7 21. Rf3 Rc4 22. Rb3 Rxe4 23. Nd3 Re7 24. Rb6 Rd8 25. b3 Rd5 26. Kb2 Rf5 27.
g4 Rd5 28. Rb4 b5 29. Rf4 Re2 30. h4 Rxd3 {White resigns} 0-1

[Event "Team 45 45 League T94"]
[Site "Internet Chess Club"]
[Date "2022.11.05"]
[Round "4"]
[White "Kingofknights"]
[Black "trogers41"]
[Result "1-0"]
[WhiteElo "1529"]
[BlackElo "1365"]
[Opening "Nimzo-Indian: 4.e3 O-O, 5.Bd3 d5"]
[ECO "E48"]
[Time "18:30:38"]
[PlyCount "43"]
[TimeControl "2700+45"]

1. d4 Nf6 2. c4 e6 3. Nc3 Bb4 4. e3 O-O 5. Bd3 d5 6. Ne2 b6 7. a3 Bxc3+ 8. Nxc3
Ba6 9. b3 Nbd7 10. cxd5 exd5 11. Bxa6 c5 12. Bb7 Rb8 13. Bxd5 Nxd5 14. Nxd5 cxd4
15. exd4 Re8+ 16. Be3 Qg5 17. Qf3 Rbc8 18. O-O Qg6 19. Rac1 Rc2 20. Rfd1 h6 21.
Qg3 Qxg3 22. hxg3 {Black resigns} 1-0

[Event "Team 45 45 League T94"]
[Site "Internet Chess Club"]
[Date "2022.11.06"]
[Round "4"]
[White "CMAlge"]
[Black "Signofthetimes"]
[Result "1-0"]
[WhiteElo "1302"]
[BlackElo "1531"]
[Opening "Queen's pawn"]
[ECO "A40"]
[Time "21:30:45"]
[PlyCount "99"]
[TimeControl "2700+45"]

1. d4 c6 2. Nc3 d5 3. Bf4 Nf6 4. e3 Bf5 5. f3 e6 6. g4 Bg6 7. h4 h5 8. g5 Nfd7
9. Bd3 Bxd3 10. Qxd3 Bb4 11. Ne2 Nb6 12. a3 Bd6 13. e4 Bxf4 14. Nxf4 Qe7 15. e5
g6 16. b4 N8d7 17. O-O Nc4 18. Rfb1 Kf8 19. Na4 Kg7 20. Nc5 Nxc5 21. bxc5 Rhb8
22. a4 b6 23. cxb6 axb6 24. Ne2 c5 25. c3 Rb7 26. Qc2 Rba7 27. Rb5 Ra5 28. Ra2
Qd7 29. Rxa5 Rxa5 30. Qb3 Ra6 31. Nc1 Ne3 32. Qb5 Qxb5 33. axb5 Rxa2 34. Nxa2
cxd4 35. cxd4 Nf5 36. Nc3 Nxh4 37. Kf2 Nf5 38. Ne2 Kf8 39. f4 Ke8 40. Kf3 Kd7
41. Kf2 Ne7 42. Kf3 Nc6 43. bxc6+ Kxc6 44. Ke3 Kb5 45. Kd3 Kb4 46. Nc3 b5 47.
Nxd5+ exd5 48. f5 h4 49. e6 fxe6 50. f6 {Black resigns} 1-0

[Event "Team 45 45 League T94"]
[Site "Internet Chess Club"]
[Date "2022.11.03"]
[Round "4"]
[White "tightfist"]
[Black "woofgang"]
[Result "1-0"]
[WhiteElo "1470"]
[BlackElo "1175"]
[Opening "Nimzovich-Larsen attack"]
[ECO "A01"]
[Time "18:30:48"]
[PlyCount "49"]
[TimeControl "2700+45"]

1. b3 d6 2. d4 Nf6 3. Bb2 Nbd7 4. Nf3 c6 5. Nbd2 Qc7 6. e4 e5 7. c3 Be7 8. Bd3
h6 9. O-O g5 10. Ba3 Nf8 11. dxe5 dxe5 12. Bxe7 Qxe7 13. Nc4 Ng6 14. Re1 Bd7 15.
Qc2 b5 16. Ne3 Nf4 17. Nf5 Qf8 18. Nxe5 Nxd3 19. Nxd7 Nxd7 20. Qxd3 O-O-O 21.
Qg3 Kb7 22. Nd6+ Ka8 23. Rad1 Qe7 24. Nf5 Qe5 25. Rxd7 {Black resigns} 1-0

[Event "Team 45 45 League T94"]
[Site "Internet Chess Club"]
[Date "2022.11.08"]
[Round "4"]
[White "ElValero"]
[Black "evan7284"]
[Result "1/2-1/2"]
[WhiteElo "1670"]
[BlackElo "1571"]
[Opening "Réti v Dutch"]
[ECO "A04"]
[Time "14:30:23"]
[PlyCount "54"]
[TimeControl "2700+45"]

1. Nf3 f5 2. b3 e6 3. Bb2 Nf6 4. g3 d5 5. d4 Bd6 6. Bg2 O-O 7. O-O Ne4 8. Ne5
Nd7 9. Nd2 Nxe5 10. dxe5 Bc5 11. Nf3 c6 12. e3 Bd7 13. c4 Rc8 14. Rc1 Qe8 15.
Nd2 Qg6 16. Nxe4 fxe4 17. cxd5 cxd5 18. Bd4 Bxd4 19. Rxc8 Rxc8 20. Qxd4 b6 21.
Rd1 Bb5 22. a4 Bd3 23. a5 Rc6 24. Bf1 Bxf1 25. Rxf1 Qf7 26. axb6 axb6 27. Ra1
Qc7 {Game drawn by mutual agreement} 1/2-1/2